 Dungeon Crawl Stone Soup version 0.30.1-11-g7821555f0a (webtiles) character file.

Game seed: 10114818089174615691

415 KittyFluff the Covered (level 6, -2/38 HPs)
             Began as a Gargoyle Berserker on Nov 10, 2023.
             Was a Priest of Trog.
             Slain by a gnoll sergeant
             ... wielding a +0 spear
              (5 damage)
             ... on level 5 of the Dungeon.
             The game lasted 00:14:47 (3377 turns).

KittyFluff the Covered (Gargoyle Berserker)         Turns: 3377, Time: 00:14:48

Health: -2/38      AC: 12    Str: 23    XL:     6   Next: 92%
Magic:  6/6        EV: 27    Int:  7    God:    Trog [***...]
Gold:   245        SH:  0    Dex:  9    Spells: 5/5 levels left

rFire   . . .        d - +2 club (spect)
rCold   . . .        (no shield)
rNeg    + . .        b - +0 animal skin
rPois   ∞            k - +0 helmet
rElec   +            (no cloak)
rCorr   .            r - +0 pair of gloves
SInv    +            c - +2 pair of boots
Will    .....        u - amulet of the acrobat
Stlth   ++           s - ring of see invisible
HPRegen 0.26/turn    (no ring)
MPRegen 0.10/turn

%: acrobat
@: acrobatic
A: sickness immunity, AC +4, negative energy resistance 1, electricity
resistance, torment resistance 1, petrification resistance
a: Renounce Religion, Berserk, Trog's Hand


You were on level 5 of the Dungeon.
You worshipped Trog.
Trog was most pleased with you.
You visited 1 branch of the dungeon, and saw 5 of its levels.

You collected 245 gold pieces.

Inventory:

Hand Weapons
 a - a +0 mace
 d - a +2 spectral club (weapon)
 y - a +3 whip
Armour
 b - a +0 animal skin (worn)
 c - a +2 pair of boots (worn)
 k - a +0 helmet (worn)
 r - a +0 pair of gloves (worn)
Jewellery
 s - a ring of see invisible (left hand)
 u - an amulet of the acrobat (around neck)
 z - a ring of positive energy
 C - an amulet of guardian spirit
Wands
 p - a wand of paralysis (6)
 t - a wand of quicksilver (12)
 E - a wand of polymorph (5)
Scrolls
 h - a scroll of enchant armour {unknown}
 i - 2 scrolls of blinking {unknown}
 m - 2 scrolls of vulnerability {unknown}
 o - 2 scrolls of fog {unknown}
 q - 2 scrolls of immolation {unknown}
 x - 3 scrolls of teleportation {unknown}
 D - a scroll of poison {unknown}
Potions
 e - a potion of haste
 f - a potion of mutation
 g - a potion of invisibility
 j - 3 potions of curing {unknown}
 l - 2 potions of heal wounds {unknown}
 n - a potion of lignification {unknown}
 v - 2 potions of resistance {unknown}
 w - 2 potions of degeneration {unknown}
 A - a potion of berserk rage {unknown}
 B - a potion of flight {unknown}


   Skills:
 + Level 4.3 Fighting
 * Level 4.5 Maces & Flails
 * Level 4.7 Armour
 + Level 2.6 Dodging
 + Level 2.8 Stealth


You had 5 spell levels left.
You didn't know any spells.
Your spell library was empty.

Dungeon Overview and Level Annotations

Branches:
Dungeon (5/15)
 Temple: D:4-7

Altars:


Innate Abilities, Weirdness & Mutations

You are immune to sickness and miasma.
Your stone body is resilient. (AC +4)
You are immune to poison.
You resist negative energy. (rN+)
You are resistant to electric shocks. (rElec)
You are resistant to unholy torment.
You are immune to petrification.


Message History

You hit the gnoll.
You kill the gnoll!
Trog accepts your kill.
The gnoll sergeant hits you but does no damage.
The gnoll closely misses you.
You hit the gnoll but do no damage. The gnoll barely misses you.
The gnoll sergeant hits you from afar with a +0 spear.
You hit the gnoll.
The gnoll is lightly wounded.
The gnoll sergeant misses you. The gnoll closely misses you.
You hit the gnoll.
The gnoll is heavily wounded.
The gnoll sergeant closely misses you. The gnoll hits you with a +0 whip.
You hit the gnoll.
The gnoll is severely wounded.
The gnoll hits you but does no damage.
The gnoll sergeant hits you but does no damage.
You hit the gnoll but do no damage.
The gnoll is severely wounded.
The gnoll barely misses you.
The gnoll sergeant hits you from afar with a +0 spear.
You hit the gnoll.
The gnoll is severely wounded.
The gnoll misses you. The gnoll sergeant barely misses you.
You hit the gnoll.
You kill the gnoll!
Trog accepts your kill.
The gnoll sergeant hits you from afar with a +0 spear!
The gnoll misses you. The gnoll hits you but does no damage.
The gnoll sergeant misses you.
Things that are here:
a +0 whip; a +0 flail You barely miss the gnoll sergeant.
The gnoll hits you from afar with a +0 halberd!
* * * LOW HITPOINT WARNING * * *
The gnoll hits you from afar with a +0 spear.
* * * LOW HITPOINT WARNING * * *
The gnoll sergeant hits you but does no damage.
The gnoll sergeant hits you from afar with a +0 spear.
You die...

#...##### #......# #....#
## ###..# .# #..# .# #..#
.# #..# .#########
#..########## ...#.....#
##...@)gg.....
.........###...####g.....
....##...##..### .....
..#..+...'.>## ....
######...#### ... #...#
.. #...# . #...# #####


You could see a gnoll sergeant and 2 gnolls.

Vanquished Creatures
  A black bear (D:4)
  An ogre (D:4)
  A hound (D:4)
  An orc priest (D:3)
  Robin (D:2)
  2 gnolls (D:5)
  6 adders
  A worm (D:2)
  A dart slug (D:5)
  5 orcs (D:3)
  10 endoplasms
  4 giant cockroaches
  18 goblins
  10 hobgoblins
  4 kobolds
  4 quokkas
  6 ball pythons
  5 bats
  3 frilled lizards (D:1)
  7 rats
91 creatures vanquished.

Notes
Turn   | Place    | Note
-------+----------+-------------------------------------------
     0 | D:1      | KittyFluff the Gargoyle Berserker began the quest for the
                  | Orb.
     0 | D:1      | Reached XP level 1. HP: 14/14 MP: 1/1
   255 | D:1      | Reached XP level 2. HP: 19/19 MP: 2/2
  1192 | D:2      | Reached ** piety under Trog
  1199 | D:2      | Reached XP level 3. HP: 23/23 MP: 3/3
  1367 | D:2      | Noticed Robin
  1384 | D:2      | Reached skill level 1 in Stealth
  1392 | D:2      | Killed Robin
  1495 | D:2      | Reached XP level 4. HP: 28/28 MP: 4/4
  1823 | D:2      | Found a faded altar of an unknown god.
  2128 | D:3      | Reached *** piety under Trog
  2136 | D:3      | Reached XP level 5. HP: 30/33 MP: 5/5
  2725 | D:4      | Noticed a black bear
  2732 | D:4      | Killed a black bear
  2733 | D:4      | Reached XP level 6. HP: 32/38 MP: 6/6
  2746 | D:4      | Identified the +0 spear "Keob" {heavy, rPois}
  3265 | D:5      | Entered Level 5 of the Dungeon
  3377 | D:5      | Slain by a gnoll sergeant

Illustrated notes

Levels and vault maps discovered:
D:1:      wheals_arrival_shading, layout_basic, minmay_misc_feat_nine_boxes,
          serial_bayou_lagoon_a, minmay_tetromino_s4
D:2:      layout_loops_ring, hellmonk_ecumenical_altar_leap_of_faith,
          minivault_25, uniq_robin
D:3:      layout_rooms, moated_statue
D:4:      layout_basic, minmay_misc_feat_tower, hangedman_decor_clover_reticule
D:5:      layout_basic, mainiacjoe_overflow_concentric_impassable,
          nicolae_sextant, grunt_ministairs_15

Skill      XL: |  1  2  3  4  5 |
---------------+----------------+-----
Stealth        | 1 2 |  2.8
Armour         | 3 4 |  4.7
Dodging        | 2 |  2.6
Maces & Flails | 4 |  4.5
Fighting       | 4 |  4.3

Action                     |  1- 3 |  4- 6 || total
---------------------------+-------+-------++-------
  Melee: Mace              |   112 |       ||   112
         Punch             |     1 |     1 ||     2
         Club              |     3 |   153 ||   156
    Use: Scroll            |     2 |     2 ||     4
   Stab: Sleeping          |       |     4 ||     4
         Distracted        |       |     1 ||     1
 Armour: Animal skin       |    45 |    69 ||   114
  Dodge: Dodged            |    89 |   103 ||   192
